 Dungeon Crawl Stone Soup version 0.26-a0-597-gb535b0901c (webtiles) character file.

Game seed: 14969023426264699743

572800 Alarkh the Sensei (level 26, -11/351 HPs)
             Began as a Demonspawn Monk on Aug 25, 2020.
             Was a High Priest of Uskayaw.
             Mangled by a death scarab (18 damage)
             ... summoned by a greater mummy
             ... on level 2 of the Tomb of the Ancients on Aug 26, 2020.
             The game lasted 02:32:34 (54532 turns).

Alarkh the Sensei (Demonspawn Monk)                Turns: 54532, Time: 02:32:34

Health: -11/351    AC: 34    Str: 16    XL:     26   Next: 18%
Magic:  27/32      EV: 12    Int: 21    God:    Uskayaw [*****.]
Gold:   6909       SH:  0    Dex: 20    Spells: 35/52 levels left

rFire    + . .     SeeInvis .     - Unarmed
rCold    . . .     Faith    .   M - +2 buckler of the Ant {rN+ rCorr Str+3}
rNeg     + + +     Spirit   .   (armour currently unavailable)
rPois    ∞         Reflect  .   X - +2 helmet of the Battered Seers {*Drain Dex+3}
rElec    +         Harm     .   x - +2 cloak {MR+}
rCorr    +                      (gloves currently unavailable)
MR       +....                  (boots unavailable)
Stlth    ++++++....             p - amulet of regeneration
HPRegen  6.08/turn              Z - ring "Bataplez" {rF+ rN+ Stlth+}
MPRegen  0.23/turn              b - +4 ring of slaying

@: statue-form, vulnerable, held, slowed, very slow
A: hooves 3, low mp 2, powered by death 3, robust 3, spiny 2
}: 2/15 runes: serpentine, barnacled
a: End Transformation, Stomp, Line Pass, Grand Finale, Renounce Religion


You were on level 2 of the Tomb of the Ancients.
You worshipped Uskayaw.
Uskayaw was most pleased with you.
You were a stone statue.
You visited 11 branches of the dungeon, and saw 49 of its levels.
You visited the Abyss 1 time.
You also visited: Sewer and Volcano.

You collected 8609 gold pieces.
You spent 1700 gold pieces at shops.

Inventory:

Armour
 x - a +2 cloak of magic resistance (worn)
 y - a +4 troll leather armour (melded)
 H - the +1 pair of gloves of Pepric (melded) {rElec Regen+ Slay+3}
   (You acquired it on level 3 of the Elven Halls)

   It affects your accuracy and damage with ranged weapons and melee attacks
   (+3).
   It insulates you from electricity.
   It increases your rate of regeneration.
 M - the +2 buckler of the Ant (worn) {rN+ rCorr Str+3}
   (You found it on level 11 of the Dungeon)

   It affects your strength (+3).
   It protects you from negative energy.
   It provides partial protection from all sources of acid and corrosion.
 X - the +2 helmet of the Battered Seers (worn) {*Drain Dex+3}
   (You found it on level 3 of the Crypt)

   It affects your dexterity (+3).
   It causes draining when unequipped.
Jewellery
 b - a +4 ring of slaying (right hand)
 i - the ring of Remn {*Slow +Fly rPois rN+ Dex+4}
   (You found it on level 3 of the Crypt)

   [ring of positive energy]

   It affects your dexterity (+4).
   It protects you from poison.
   It protects you from negative energy.
   It lets you fly.
   It may slow you when you take damage.
 p - an amulet of regeneration (around neck)
 q - an uncursed amulet of magic regeneration
 Z - the ring "Bataplez" (left hand) {rF+ rN+ Stlth+}
   (You found it on level 3 of the Crypt)

   [ring of positive energy]

   It protects you from fire.
   It protects you from negative energy.
   It makes you more stealthy.
Wands
 c - a wand of acid (3)
 g - a wand of random effects (27)
 w - a wand of digging (43)
 P - a wand of disintegration (27)
 U - a wand of paralysis (31)
Scrolls
 e - a scroll of blinking
 h - 7 scrolls of magic mapping
 k - 3 scrolls of amnesia
 m - 18 scrolls of remove curse
 n - 22 scrolls of teleportation
 r - 17 scrolls of identify
 J - 6 scrolls of fear
 K - 3 scrolls of fog
 N - a scroll of silence
Potions
 a - 3 potions of might
 d - 6 potions of haste
 f - a potion of cancellation
 j - 5 potions of heal wounds
 l - 2 potions of invisibility
 o - 4 potions of stabbing
 u - 19 potions of curing
 A - 12 potions of brilliance
 B - 7 potions of resistance
 E - 3 potions of magic
 L - 4 potions of berserk rage
 R - 9 potions of mutation
 T - 3 potions of flight
 Y - a potion of ambrosia


   Skills:
 + Level 17.3 Fighting
 + Level 13.0 Armour
 + Level 13.2 Dodging
 + Level 13.5 Stealth
 - Level 5.0 Shields
 * Level 21.3 Unarmed Combat
 + Level 13.9 Spellcasting
 - Level 8.0 Conjurations
 + Level 4.6 Necromancy
 + Level 11.9 Transmutations
 + Level 13.8 Earth Magic
 + Level 19.6 Invocations


You had 35 spell levels left.
You knew the following spells:

 Your Spells              Type           Power        Failure   Level
a - Stone Arrow           Conj/Erth      ######       1%          3
b - Infestation           Necr           ####......   100%        8
c - Statue Form           Tmut/Erth      ######...    3%          6

Your spell library contained the following spells:

 Spells                   Type           Power        Failure   Level
 Sandblast                Erth           ######       0%          1
 Animate Skeleton         Necr           ####..       1%          1
 Beastly Appendage        Tmut           ######       1%          1
 Foxfire                  Conj/Fire      ####         1%          1
 Magic Dart               Conj           ####         1%          1
 Pain                     Necr           ####         1%          1
 Shock                    Conj/Air       ####         1%          1
 Sting                    Tmut/Pois      ####         1%          1
 Passwall                 Tmut/Erth      ######..     1%          2
 Searing Ray              Conj           #####.       1%          2
 Sublimation of Blood     Necr           ####......   1%          2
 Spider Form              Tmut/Pois      #####.....   1%          3
 Vampiric Draining        Necr           ####......   1%          3
 Petrify                  Tmut/Erth      ######..     1%          4
 Irradiate                Conj/Tmut      ######....   1%          5
 Lee's Rapid Deconstruct  Erth           ######....   1%          5
 Corpse Rot               Necr/Air       N/A          2%          2
 Conjure Flame            Conj/Fire      ####....     2%          3
 Dazzling Flash           Conj/Hex       ####..       2%          3
 Ignite Poison            Fire/Tmut/Pois ####....     2%          3
 Static Discharge         Conj/Air       ####....     2%          3
 Borgnjor's Vile Clutch   Necr/Erth      ######....   2%          5
 Ice Form                 Ice/Tmut       #####...     3%          4
 Apportation              Tloc           ##....       4%          1
 Corona                   Hex            ##.....      4%          1
 Freeze                   Ice            ##..         4%          1
 Summon Small Mammal      Summ           ##..         4%          1
 Mephitic Cloud           Conj/Pois/Air  ####....     4%          3
 Iskenderun's Battlesphe  Conj           #####...     4%          5
 Hydra Form               Tmut           ######....   4%          6
 Animate Dead             Necr           ####......   6%          4
 Bolt of Magma            Conj/Fire/Erth #####.....   6%          5
 Blink                    Tloc           N/A          7%          2
 Call Imp                 Summ           ##......     7%          2
 Ensorcelled Hibernation  Hex/Ice        ##....       7%          2
 Poisonous Vapours        Pois/Air       ##....       7%          2
 Slow                     Hex            ##......     7%          2
 Swiftness                Air            ##......     7%          2
 Iron Shot                Conj/Erth      ######....   8%          6
 Fulminant Prism          Conj/Hex       ####......   9%          4
 Hailstorm                Conj/Ice       ####....     9%          4
 Iskenderun's Mystic Bla  Conj/Tloc      ####....     9%          4
 Sticky Flame             Conj/Fire      ####....     9%          4
 Alistair's Intoxication  Tmut/Pois      #####....    11%         5
 Yara's Violent Unravell  Hex/Tmut       #####.....   11%         5
 Call Canine Familiar     Summ           ##......     13%         3
 Confusing Touch          Hex            ##......     13%         3
 Frozen Ramparts          Ice            ##....       13%         3
 Gell's Gravitas          Tloc           ##........   13%         3
 Inner Flame              Hex/Fire       ##......     13%         3
 Ozocubu's Armour         Ice            ##......     13%         3
 Summon Guardian Golem    Hex/Summ       ##......     13%         3
 Agony                    Necr           ####....     17%         5
 Excruciating Wounds      Necr           ####......   17%         5
 Fireball                 Conj/Fire      ####......   24%         5
 Lightning Bolt           Conj/Air       ####......   24%         5
 Dragon Form              Tmut           ######....   26%         7
 Airstrike                Air            ##........   41%         4
 Olgreb's Toxic Radiance  Pois           ##......     41%         4
 Summon Ice Beast         Ice/Summ       ##......     41%         4
 Summon Lightning Spire   Summ/Air       ##......     41%         4
 Eringya's Noxious Bog    Tmut/Pois      #####.....   50%         6
 Metabolic Englaciation   Hex/Ice        ##........   77%         5
 Summon Forest            Summ/Tloc      ##........   77%         5
 Starburst                Conj/Fire      ####......   78%         6
 Orb of Destruction       Conj           #####.....   80%         7
 Freezing Cloud           Conj/Ice/Air   ####......   92%         6
 Simulacrum               Ice/Necr       ###.......   94%         6
 Spellforged Servitor     Conj/Summ      ####......   100%        7
 Summon Hydra             Summ           ##........   100%        7
 Ignition                 Fire           ##........   100%        8


Dungeon Overview and Level Annotations

Branches:
Dungeon (15/15)            Temple (0/1) D:7            Lair (6/6) D:11
 Shoals (4/4) Lair:2        Snake (4/4) Lair:4        Slime (0/5) Lair:5
    Orc (2/2) D:9             Elf (3/3) Orc:2        Vaults (4/5) D:13
  Crypt (3/3) Vaults:3       Tomb (2/3) Crypt:3      Depths (5/5) D:15
   Hell (visited)             Dis (0/7) Hell            Geh (0/7) Hell
    Coc (0/7) Hell            Tar (0/7) Hell            Zot (0/5) Depths:5
  Sewer (visited)         Volcano (visited)

Altars:
Cheibriados
Dithmenos
Elyvilon
Fedhas
Hepliaklqana
Kikubaaqudgha
Makhleb
Qazlal
Ru
Trog
Uskayaw
Vehumet
Xom
Yredelemnul
Zin
The Shining One
Beogh
Jiyva

Shops:
D:4 }   D:5 }   D:9 ([   D:14 *   Orc:1 }   Orc:2 [=**!   Elf:2 !   Elf:3 [
Vaults:4 *   Depths:1 (

Portals:
Hell: Depths:1 Depths:2 Depths:3 Depths:4 Depths:5
Abyss: Depths:3 Depths:4 Depths:5
Pandemonium: Depths:3
Ziggurat: Depths:1

Annotations:
Elf:1 6 runed translucent doors


Innate Abilities, Weirdness & Mutations

You have hooves in place of feet.
You regenerate a lot of health from kills.
You are extremely robust. (+30% HP)
You are mostly covered in sharp spines.
((When seriously injured, your bleeding wounds create very thick armour. (AC +0)))
Your magical capacity is very low. (-20% MP)


Message History

You feel as though you will be slow longer.
The freezing wraith is struck by your spines.
The freezing wraith misses you. The freezing wraith closely misses you.
The greater mummy casts a spell.
The shadow slips into darkness.
The shadow flickers and vanishes!
Deactivating autopickup; reactivate with Ctrl-A.
The flying skull barely misses you. x2
The mummy priest mumbles some strange prayers to its god against you.
Something smites you!
* * * LOW HITPOINT WARNING * * *
The revenant hits you but does no damage.
The flying skull is struck by your spines.
The flying skull hits you.
* * * LOW HITPOINT WARNING * * *
The phantasmal warrior is struck by your spines.
You destroy the phantasmal warrior!
The freezing wraith barely misses you. x2
The death scarab is struck by your spines.
The death scarab bites you!!
You die...

...........
......... .
#M......# .
..##.....[.##..
......ss.M.....
...sZMZsss.4...


..ssWMWssss.... ..ssMVz8.MSs... ..ssZ8zLzMM.... ..Zs.MnszMS.... ....Z8MMWM..M..
..##....ZzM##.. . #M.W....# . ......... .[......{W. You could see 5 greater
mummies, 11 emperor scorpions, a revenant, a mummy priest, a jiangshi
(summoned), 2 flayed ghosts, 2 mana vipers, 3 guardian mummies, 2 ushabtiu, an
ice devil (summoned), a freezing wraith (summoned), a spectral orc (summoned), 2
wraiths, 8 death scarabs, a necrophage (summoned), 4 flying skulls, 7 mummies, a
wight (summoned), a manticore simulacrum (summoned), an alligator zombie (pain
bonded), a golden dragon skeleton (summoned), an ettin skeleton (summoned) and a
stone giant skeleton.

Vanquished Creatures
  2 ancient liches (Crypt:3)
  Mara (Crypt:3)
  2 juggernauts
  A greater mummy (Tomb:1)
  Saint Roka (Vaults:1)
  Frederick (Vaults:2)
  Margery (Vaults:4)
  Geryon (Hell)
  The ghost of Isedumueph the Tortoise, a veteran HuFi of Hepliaklqana (Vaults:1)
  A golden dragon (Depths:5)
  Nikola (Snake:4)
  A bone dragon (Depths:5)
  2 tentacled monstrosities
  Jorgrun (D:14)
  6 liches
  A quicksilver dragon (shapeshifter) (Depths:3)
  2 deep elf blademasters
  Asterion (Elf:2)
  4 deep elf master archers (Elf:3)
  An Executioner (Abyss:3)
  Frances (D:14)
  2 tentacled starspawn (Abyss:3)
  2 shadow dragons
  11 sphinxes
  An ancient champion (Crypt:2)
  A kraken (Shoals:4)
  The ghost of Ferkelamun the Nimble, an adept GnGl of Okawaru (Shoals:2)
  Kirke (Elf:1)
  Agnes (Vaults:2)
  6 tengu reavers
  2 storm dragons (shapeshifter) (Depths:3)
  Roxanne (Shoals:4)
  2 storm dragons
  14 nagarajas
  Ilsuiw (Shoals:3)
  11 fire giants
  11 deep elf sorcerers
  Louise (Depths:5)
  3 revenants
  An azure jelly (shapeshifter) (Depths:3)
  6 frost giants
  3 ghost moths (Depths:3)
  A draconian knight (Depths:5)
  A balrug (Depths:1)
  2 draconian scorchers (Depths:5)
  An iron dragon (shapeshifter) (Depths:3)
  9 vault wardens
  4 iron dragons
  8 curse skulls
  Aizul (Elf:2)
  An angel (Abyss:3)
  5 deep elf elementalists (Elf:3)
  13 ironheart preservers
  7 reapers
  2 entropy weavers (Vaults:4)
  15 stone giants
  A cacodemon (Hell)
  3 war gargoyles
  4 ghouls (Crypt:2)
  A caustic shrike skeleton (Depths:4)
  16 very ugly things
  8 deep elf demonologists
  5 vampire knights
  11 deep elf annihilators
  Nessos (D:14)
  2 white draconians (Depths:5)
  3 starcursed masses (Abyss:3)
  A yellow draconian (Depths:5)
  8 spark wasps
  4 lorocyprocas
  9 ettins
  A purple draconian (Depths:5)
  7 deep elf death magi
  4 merfolk javelineers
  6 fire dragons
  2 crystal guardians (Depths:3)
  11 eidola
  3 green deaths (Hell)
  3 blizzard demons (Hell)
  11 mummy priests
  A quicksilver dragon zombie (Crypt:3)
  11 merfolk impalers
  7 great orbs of eyes
  7 deep elf high priests
  6 jiangshi
  A quicksilver dragon skeleton (Crypt:3)
  11 yaktaur captains
  7 vault guards
  8 hydras
  8 ice dragons
  5 rakshasas
  19 naga warriors
  7 spriggan air magi
  6 death knights
  A juggernaut simulacrum (Depths:3)
  13 anacondas
  2 catoblepae (Depths:3)
  2 merfolk avatars (Shoals:4)
  10 centaur warriors
  2 satyrs
  59 two-headed ogres
  3 merfolk aquamancers (Shoals:4)
  6 death yaks (Lair:5)
  35 dancing weapons
  2 alligator snapping turtles
  2 tengu warriors
  39 death scarabs
  7 deep troll earth magi
  20 ogre magi
  7 deep troll shamans
  8 naga sharpshooters
  4 vampire magi
  2 orc high priests
  7 spriggan berserkers
  11 soul eaters
  5 sun demons
  8 shock serpents
  17 deep elf knights
  4 shadow wraiths
  4 small abominations
  A titan skeleton (Crypt:3)
  2 storm dragon zombies
  2 golden dragon zombies
  17 skeletal warriors
  19 hell knights
  A wizard (Vaults:2)
  8 large abominations
  10 salamander mystics
  A sixfirhy (Hell)
  An iron giant zombie (Crypt:1)
  17 sea snakes
  A glowing orange brain (shapeshifter) (Elf:1)
  2 spatial maelstroms (Abyss:3)
  6 unseen horrors
  17 deep trolls
  A sea snake (shapeshifter) (Depths:4)
  A storm dragon skeleton (Hell)
  A flayed ghost (Vaults:3)
  A glowing orange brain (Depths:2)
  A kraken simulacrum (Hell)
  24 deep elf archers
  14 ironbrand convokers
  9 naga ritualists
  20 necromancers
  2 lindwurms (Lair:6)
  An orange crystal statue (Depths:1)
  An iron dragon zombie (Crypt:3)
  A shadow dragon zombie (Crypt:3)
  4 orc knights
  A wolf spider zombie (Crypt:3)
  2 fire giant zombies
  A wolf spider (shapeshifter) (Vaults:2)
  58 deep elf magi
  37 ugly things
  11 cyclopes
  13 phantasmal warriors
  22 harpies
  13 mana vipers
  6 fauns (Shoals:1)
  27 salamanders
  A shadow dragon skeleton (Crypt:3)
  11 wolf spiders
  A mana viper (shapeshifter) (Depths:3)
  An iron dragon skeleton (Crypt:3)
  7 manticores
  A shock serpent zombie (Hell)
  5 elephants (Lair:2)
  2 rust devils (Hell)
  2 stone giant skeletons (Crypt:3)
  36 black mambas
  A black mamba (shapeshifter) (Depths:1)
  5 centaur zombies
  15 merfolk sirens
  13 guardian serpents
  14 vault sentinels
  A spriggan zombie (Depths:4)
  5 water nymphs
  A worldbinder (Abyss:3)
  3 dire elephant zombies
  18 naga magi
  3 molten gargoyles
  6 torpor snails (Lair:6)
  2 ice statues (Hell)
  A torpor snail (shapeshifter) (Vaults:4)
  An orange demon (Hell)
  An eye of devastation (shapeshifter) (Depths:4)
  A smoke demon (Abyss:3)
  An emperor scorpion zombie (Hell)
  A hellion (Hell)
  9 cane toads
  A shock serpent skeleton (Crypt:2)
  Psyche (D:8)
  A purple draconian zombie (Crypt:2)
  A kobold demonologist (Depths:4)
  51 yaktaurs
  4 rime drakes
  8 komodo dragons
  2 elf zombies
  15 freezing wraiths
  2 ice devils (Hell)
  A grey draconian skeleton (Crypt:2)
  An anaconda simulacrum (Hell)
  13 hellwings (Crypt:3)
  2 efreet (Depths:3)
  3 meliai (D:14)
  9 guardian mummies
  A merfolk (shapeshifter) (Depths:3)
  A troll (shapeshifter) (Vaults:1)
  A wind drake (shapeshifter) (D:15)
  A meliai (shapeshifter) (Depths:4)
  2 harpy zombies
  3 tyrant leeches (Lair:6)
  16 trolls
  4 wind drakes
  17 merfolk
  9 hornets
  2 polar bears (Lair:4)
  A tengu conjurer (Depths:4)
  4 jumping spiders (Crypt:3)
  A wolf spider simulacrum (D:14)
  2 hydra zombies (Hell)
  Grinder (Sewer)
  A bog body (Crypt:2)
  2 hydra skeletons
  21 slime creatures
  3 alligator zombies
  2 hippogriffs (shapeshifter)
  3 dream sheep (Shoals:1)
  21 blink frogs
  8 snapping turtles
  12 hippogriffs
  An ice dragon zombie (Crypt:1)
  2 black mamba zombies (Crypt:3)
  A fire giant simulacrum (Vaults:2)
  A spriggan (Depths:2)
  6 redbacks
  2 air elementals
  10 flying skulls
  2 ice dragon skeletons
  A yak (shapeshifter) (Depths:2)
  2 spriggans (shapeshifter)
  9 fire elementals
  A black mamba skeleton (Crypt:2)
  A tarantella (shapeshifter) (Depths:2)
  12 wraiths
  4 wyverns
  A human (D:2)
  2 basilisks (shapeshifter)
  3 fire bats
  7 ushabtiu
  2 hogs (Elf:1)
  21 yaks
  17 water elementals
  A basilisk (Lair:1)
  6 vampire mosquitoes (D:14)
  A chaos spawn (Abyss:3)
  A human simulacrum (Vaults:1)
  2 wargs
  2 soldier ants
  An acid dragon (shapeshifter) (Depths:5)
  A deep troll zombie (Vaults:2)
  53 nagas
  A torturous demonspawn zombie (Crypt:2)
  A water moccasin (shapeshifter) (Depths:1)
  3 acid dragons
  A hydra simulacrum (Hell)
  A cane toad skeleton (Hell)
  16 water moccasins
  A merfolk skeleton (Crypt:2)
  A monstrous demonspawn skeleton (Crypt:1)
  7 porcupines
  An ettin simulacrum (Crypt:2)
  A hornet zombie (D:14)
  25 orc warriors
  9 sky beasts
  A faun skeleton (Crypt:1)
  64 ogres
  An ogre (shapeshifter) (Vaults:2)
  8 black bears
  A dream sheep zombie (Crypt:2)
  A phantom (Sewer)
  2 alligator simulacra (Hell)
  5 eyes of draining
  5 ice beasts
  7 boggarts
  A centaur (shapeshifter) (Vaults:3)
  2 manticore skeletons
  5 necrophages
  An elf skeleton (Vaults:2)
  21 crocodiles
  20 centaurs
  A snapping turtle zombie (Crypt:2)
  5 big kobolds
  4 earth elementals
  A salamander zombie (Crypt:1)
  17 bullfrogs
  A deep troll simulacrum (Vaults:2)
  A glowing shapeshifter simulacrum (Vaults:2)
  6 wyvern skeletons
  6 scorpions
  4 killer bees
  A snapping turtle simulacrum (Crypt:2)
  An electric eel (Lair:4)
  4 wights
  12 howler monkeys
  A crimson imp (Depths:2)
  7 lava snakes (Volcano)
  3 bullfrog zombies
  2 quasits
  3 bullfrog skeletons
  7 hounds
  A human zombie (D:2)
  2 jellies
  7 centaur skeletons
  20 orc priests
  Crazy Yiuf (D:2)
  6 iguanas
  10 hell rats
  23 orc wizards
  A porcupine skeleton (Crypt:2)
  12 worker ants
  3 big kobold zombies (Sewer)
  An ogre zombie (Hell)
  An ogre skeleton (Hell)
  A big kobold skeleton (Crypt:2)
  13 mummies
  2 worker ant zombies
  A howler monkey skeleton (D:4)
  4 gnolls
  12 adders
  12 river rats (Lair:1)
  A scorpion zombie (Crypt:1)
  8 shadow imps
  A white imp (Abyss:3)
  6 ufetubi
  3 oozes (Sewer)
  2 adder skeletons
  An adder zombie (D:5)
  3 worms (D:2)
  2 dart slugs
  3 leopard geckos
  73 orcs
  A ball python (D:1)
  6 bats
  11 giant cockroaches
  12 goblins
  3 hobgoblins
  16 jackals
  11 quokkas
  6 frilled lizards
  A giant cockroach zombie (Sewer)
  20 kobolds
  A kobold skeleton (D:2)
  2 kobold zombies
  A leopard gecko skeleton (D:7)
  A leopard gecko zombie (D:5)
  13 rats
  A crawling corpse (Crypt:3)
  A fire vortex (D:14)
  A starspawn tentacle (Abyss:3)
  4 tentacles
  A withered plant (Crypt:3)
2319 creatures vanquished.

Vanquished Creatures (others)
  A deep elf annihilator (Elf:3)
  A necromancer (Hell)
  A yaktaur (Depths:1)
  A troll (D:11)
  A human (Elf:1)
  A yak (D:11)
  A naga (Snake:4)
  An ogre (Depths:1)
  A small abomination (Abyss:3)
  A worker ant (D:14)
  A hell rat (Hell)
  2 orcs
  65 fungi
  95 plants
  8 starspawn tentacles (Abyss:3)
  14 tentacles
  3 withered plants (Crypt:3)
198 creatures vanquished.

Grand Total: 2517 creatures vanquished

Notes
Turn   | Place    | Note
-------+----------+-------------------------------------------
     0 | D:1      | Alarkh the Demonspawn Monk began the quest for the Orb.
     0 | D:1      | Reached XP level 1. HP: 18/18 MP: 1/1
   214 | D:1      | Reached skill level 3 in Unarmed Combat
   268 | D:1      | Gained mutation: You regenerate a little health from kills.
                  | [demonic ancestry]
   268 | D:1      | Reached XP level 2. HP: 21/24 MP: 2/2
  1016 | D:2      | Reached XP level 3. HP: 25/29 MP: 3/3
  1392 | D:2      | Reached skill level 4 in Unarmed Combat
  1439 | D:2      | Gained mutation: You are partially covered in sharp spines.
                  | [demonic ancestry]
  1439 | D:2      | Reached XP level 4. HP: 27/37 MP: 4/4
  1497 | D:2      | Found a runed translucent door.
  1498 | D:2      | Noticed Crazy Yiuf
  1560 | D:2      | Found a runed translucent door.
  1560 | D:2      | Noticed a human
  1563 | D:2      | Found a basalt altar of Yredelemnul.
  1703 | D:2      | Killed Crazy Yiuf
  2050 | D:3      | Gained mutation: You have large cloven feet. [demonic
                  | ancestry]
  2050 | D:3      | Reached XP level 5. HP: 33/42 MP: 5/5
  2596 | D:4      | Learned a level 3 spell: Stone Arrow
  2683 | D:4      | Reached skill level 5 in Unarmed Combat
  3030 | D:4      | Reached XP level 6. HP: 49/49 MP: 6/6
  3189 | D:4      | Found Sauh's Gadget Shop.
  3203 | D:4      | Found a bloodstained altar of Trog.
  3243 | D:4      | Reached skill level 5 in Fighting
  3243 | D:4      | Reached skill level 6 in Unarmed Combat
  3251 | D:4      | Gained mutation: When seriously injured, your bleeding
                  | wounds create armour. (AC +0) [demonic ancestry]
  3251 | D:4      | Reached XP level 7. HP: 43/56 MP: 0/7
  3390 | D:5      | Entered Level 5 of the Dungeon
  3517 | D:5      | Found a glowing drain.
  3545 | D:5      | Reached skill level 7 in Unarmed Combat
  3558 | Sewer    | Entered a sewer
  3687 | Sewer    | Found an ancient bone altar of Kikubaaqudgha.
  3701 | Sewer    | Gained mutation: When seriously injured, your bleeding
                  | wounds create thick armour. (AC +0) [demonic ancestry]
  3701 | Sewer    | Reached XP level 8. HP: 64/64 MP: 8/8
  3707 | Sewer    | Noticed Grinder
  3731 | Sewer    | Killed Grinder
  3801 | Sewer    | Reached skill level 8 in Unarmed Combat
  4194 | D:5      | Found Toor's Gadget Emporium.
  4250 | D:5      | Found a large runed translucent door.
  4250 | D:5      | Found a large runed translucent door.
  4289 | D:5      | Noticed a two-headed ogre
  4567 | D:5      | Found a large runed translucent door.
  4569 | D:5      | Found a large runed translucent door.
  4733 | D:5      | Killed a two-headed ogre
  4733 | D:5      | Reached skill level 9 in Unarmed Combat
  4733 | D:5      | Reached skill level 1 in Spellcasting
  4733 | D:5      | Reached skill level 1 in Conjurations
  4733 | D:5      | Reached skill level 1 in Earth Magic
  4733 | D:5      | Gained mutation: When seriously injured, your bleeding
                  | wounds create very thick armour. (AC +0) [demonic ancestry]
  4733 | D:5      | Reached XP level 9. HP: 33/72 MP: 4/11
  4935 | D:6      | Found a radiant altar of Vehumet.
  5168 | D:6      | Found a snail-covered altar of Cheibriados.
  5342 | D:6      | Found a hazy altar of Hepliaklqana.
  5742 | D:7      | Found a hide-covered altar of Uskayaw.
  5766 | D:7      | Became a worshipper of Uskayaw the Reveler
  5766 | D:7      | Reached * piety under Uskayaw
  5770 | D:7      | Reached ** piety under Uskayaw
  5807 | D:7      | Reached *** piety under Uskayaw
  5813 | D:7      | Reached **** piety under Uskayaw
  5834 | D:7      | Reached skill level 1 in Invocations
  5853 | D:7      | Found a staircase to the Ecumenical Temple.
  5885 | D:7      | Reached skill level 10 in Unarmed Combat
  6293 | D:7      | Noticed a troll
  6300 | D:7      | Killed a troll
  6300 | D:7      | Reached XP level 10. HP: 32/80 MP: 5/14
  6654 | D:8      | Found a burning altar of Makhleb.
  6700 | D:8      | Noticed Psyche
  6705 | D:8      | Killed Psyche
  7196 | D:8      | Found a white marble altar of Elyvilon.
  7198 | D:8      | Found a stormy altar of Qazlal.
  7201 | D:8      | Found a glowing golden altar of the Shining One.
  7517 | D:9      | Found a glowing silver altar of Zin.
  7718 | D:9      | You fall into a shaft and drop 3 floors!
  8042 | D:11     | Reached ***** piety under Uskayaw
  8045 | D:11     | Killed an unseen horror
  8150 | D:11     | Noticed a red ugly thing
  8409 | D:11     | Killed a red ugly thing
  8409 | D:11     | Gained mutation: You have hoof-like feet. [demonic
                  | ancestry]
  8409 | D:11     | Reached XP level 11. HP: 26/87 MP: 4/17
  8601 | D:11     | Reached skill level 11 in Unarmed Combat
  8608 | D:11     | Reached skill level 5 in Conjurations
  8608 | D:11     | Reached skill level 5 in Invocations
  8612 | D:11     | Reached ****** piety under Uskayaw
  8954 | D:12     | Noticed a seven-headed hydra
  9143 | D:12     | Noticed a deep elf mage
  9158 | D:12     | Killed a deep elf mage
  9256 | D:12     | Reached skill level 5 in Earth Magic
  9676 | D:12     | Noticed a two-headed ogre
  9693 | D:12     | Killed a two-headed ogre
  9693 | D:12     | Reached skill level 5 in Spellcasting
  9730 | D:12     | Killed a seven-headed hydra
  9868 | D:12     | Noticed a two-headed ogre
 10148 | D:12     | Killed a two-headed ogre
 10745 | D:11     | Got an encrusted buckler
 10749 | D:10     | Entered Level 10 of the Dungeon
 10755 | D:10     | Identified the +2 buckler of the Ant {rN+ rCorr Str+3} (You
                  | found it on level 11 of the Dungeon)
 10759 | D:10     | Reached XP level 12. HP: 96/96 MP: 20/20
 10925 | D:9      | Found Amouh's Armour Boutique.
 10952 | D:9      | Found a staircase to the Orcish Mines.
 10954 | D:9      | Found Nuh Taqun's Weapon Boutique.
 10974 | D:9      | Bought a +2 cloak for 214 gold pieces
 11222 | D:9      | Found a sacrificial altar of Ru.
 12145 | D:10     | Reached skill level 1 in Shields
 12450 | D:10     | Reached skill level 12 in Unarmed Combat
 12970 | D:11     | Found a staircase to the Lair.
 13168 | Lair:1   | Entered Level 1 of the Lair of Beasts
 14411 | Lair:2   | Found a staircase to the Shoals.
 14549 | Lair:2   | Reached skill level 10 in Fighting
 15259 | Lair:3   | Noticed a seven-headed hydra
 15295 | Lair:3   | Killed a seven-headed hydra
 15388 | Lair:3   | Reached XP level 13. HP: 103/103 MP: 22/22
 16171 | Lair:4   | You fall into a shaft and drop 2 floors!
 16171 | Lair:6   | Entered Level 6 of the Lair of Beasts
 16239 | Lair:6   | Reached skill level 5 in Stealth
 16502 | Lair:5   | Found a dark tunnel.
 16507 | Volcano  | Entered a volcano
 16832 | Volcano  | Found a bloodstained altar of Trog.
 16932 | Volcano  | Reached skill level 13 in Unarmed Combat
 17087 | Volcano  | Got a pitted helmet
 17108 | Volcano  | Identified the cursed +0 helmet of Zibreppu {Stlth+} (You
                  | found it in a volcano)
 17950 | Lair:5   | Found a viscous altar of Jiyva.
 17950 | Lair:5   | Found a staircase to the Slime Pits.
 18416 | Lair:6   | Gained mutation: You regenerate health from kills. [demonic
                  | ancestry]
 18416 | Lair:6   | Reached XP level 14. HP: 87/111 MP: 20/24
 18566 | Lair:6   | Found a runed translucent door.
 18645 | Lair:6   | HP: 5/111 [torpor snail (12)]
 19666 | Orc:1    | Entered Level 1 of the Orcish Mines
 19666 | Orc:1    | Found a roughly hewn altar of Beogh.
 19676 | Orc:1    | Reached skill level 5 in Shields
 19692 | Orc:1    | Found Fuis's Gadget Emporium.
 19908 | Orc:2    | Entered Level 2 of the Orcish Mines
 19917 | Orc:2    | Found Rasirchi's Assorted Antiques.
 19971 | Orc:2    | Found a staircase to the Elven Halls.
 20096 | Orc:2    | Reached skill level 10 in Invocations
 20222 | Orc:2    | Found Varph's Jewellery Emporium.
 20294 | Orc:2    | Reached skill level 14 in Unarmed Combat
 20341 | Orc:2    | Found Feynliud's Armour Emporium.
 20344 | Orc:2    | Found Voallivun's Assorted Antiques.
 20353 | Orc:2    | Found Xaahebett's Distillery.
 20514 | Orc:2    | Bought an encrusted steel ring for 120 gold pieces
 20514 | Orc:2    | Bought a scroll labeled HESHRA BEXO for 24 gold pieces
 20523 | Orc:2    | Bought a +4 ring of slaying for 780 gold pieces
 20523 | Orc:2    | Bought an uncursed ring of flight for 175 gold pieces
 20790 | D:13     | Noticed an ironheart preserver
 20791 | D:13     | Found a gate to the Vaults.
 20815 | D:13     | Killed an ironheart preserver
 20874 | D:13     | Reached XP level 15. HP: 106/119 MP: 27/27
 21060 | D:13     | Reached skill level 1 in Armour
 21350 | D:13     | Got a pitted chain mail
 21351 | D:13     | Identified the +0 chain mail "Fezim" {rPois MR+ Regen+
                  | Str+3} (You found it on level 13 of the Dungeon)
 21805 | D:14     | Found a blossoming altar of Fedhas.
 21849 | D:14     | Noticed Nessos
 21873 | D:14     | Killed Nessos
 21882 | D:14     | Noticed Jorgrun
 21930 | D:14     | Killed Jorgrun
 21959 | D:14     | Found Hosiza's Humungous Hoard.
 22046 | D:14     | Noticed Frances
 22071 | D:14     | Killed Frances
 22780 | D:15     | Entered Level 15 of the Dungeon
 23007 | D:15     | Found a shadowy altar of Dithmenos.
 23458 | D:15     | Reached skill level 15 in Unarmed Combat
 23521 | D:15     | Found a staircase to the Depths.
 23884 | Shoals:1 | Entered Level 1 of the Shoals
 23986 | Shoals:1 | Reached skill level 5 in Dodging
 24085 | Shoals:1 | Found an ancient bone altar of Kikubaaqudgha.
 24132 | Shoals:1 | Reached XP level 16. HP: 117/127 MP: 28/28
 24562 | Shoals:2 | Found a runed translucent door.
 24578 | Shoals:2 | Noticed Ferkelamun's ghost (adept GnGl)
 24969 | Shoals:2 | Noticed a kraken
 25167 | Shoals:3 | Noticed Ilsuiw
 25414 | Shoals:3 | Killed Ilsuiw
 25627 | Shoals:3 | Reached skill level 5 in Armour
 25975 | Shoals:4 | Entered Level 4 of the Shoals
 26301 | Shoals:4 | Noticed Roxanne
 26505 | Shoals:4 | Noticed a kraken
 26517 | Shoals:4 | Killed a kraken
 26833 | Shoals:4 | Identified the +3 chain mail of the Blessed Realm {rC+
                  | Str+3 Int+2}
 27395 | Shoals:4 | Gained mutation: You have hooves in place of feet. [demonic
                  | ancestry]
 27395 | Shoals:4 | Reached XP level 17. HP: 82/135 MP: 29/29
 27500 | Shoals:4 | Reached skill level 16 in Unarmed Combat
 27541 | Shoals:4 | Got a barnacled rune of Zot
 27632 | Shoals:4 | Reached skill level 10 in Stealth
 27821 | Lair:4   | Found a staircase to the Snake Pit.
 28018 | Lair:4   | Learned a level 6 spell: Statue Form
 28270 | Snake:1  | Entered Level 1 of the Snake Pit
 28775 | Snake:1  | Reached skill level 1 in Transmutations
 32120 | Snake:4  | Entered Level 4 of the Snake Pit
 32208 | Snake:4  | Reached XP level 18. HP: 123/143 MP: 22/30
 32865 | Snake:4  | Reached skill level 17 in Unarmed Combat
 32991 | Snake:4  | Got a serpentine rune of Zot
 33091 | Snake:4  | Noticed Nikola
 33105 | Snake:4  | Killed Nikola
 33439 | Vaults:1 | Entered Level 1 of the Vaults
 33515 | Vaults:1 | Gained mutation: You regenerate a lot of health from kills.
                  | [demonic ancestry]
 33515 | Vaults:1 | Reached XP level 19. HP: 151/151 MP: 32/32
 33700 | Vaults:1 | Reached skill level 5 in Transmutations
 34356 | Vaults:1 | Noticed Saint Roka
 34378 | Vaults:1 | Killed Saint Roka
 34624 | Vaults:1 | Noticed Isedumueph's ghost (veteran HuFi)
 34627 | Vaults:1 | Found a runed translucent gate.
 34627 | Vaults:1 | Found a runed translucent gate.
 34627 | Vaults:1 | Found a runed translucent gate.
 34628 | Vaults:1 | Found the +10 dark maul {vorpal}
 34992 | Vaults:1 | Killed Isedumueph's ghost
 34992 | Vaults:1 | Reached skill level 15 in Invocations
 35093 | Vaults:1 | Identified a scroll of acquirement
 35097 | Vaults:1 | Acquired 360 gold pieces
 35164 | Vaults:2 | Found a hide-covered altar of Uskayaw.
 35337 | Vaults:2 | Noticed Agnes
 35339 | Vaults:2 | Noticed Frederick
 35356 | Vaults:2 | Paralysed by a vampire knight for 3 turns
 35382 | Vaults:2 | Killed Frederick
 35384 | Vaults:2 | Killed Agnes
 35495 | Vaults:2 | Reached skill level 10 in Spellcasting
 35495 | Vaults:2 | Reached skill level 10 in Earth Magic
 35539 | Vaults:2 | You fall into a shaft and drop 2 floors!
 35643 | Vaults:4 | Gained mutation: You are robust. (+10% HP) [demonic
                  | ancestry]
 35643 | Vaults:4 | Reached XP level 20. HP: 152/174 MP: 34/34
 36021 | Vaults:4 | Noticed Margery
 36035 | Vaults:4 | Killed Margery
 36083 | Vaults:4 | Reached skill level 18 in Unarmed Combat
 36458 | Vaults:4 | Found Esicw's Assorted Antiques.
 37295 | Vaults:3 | Reached skill level 10 in Dodging
 37427 | Vaults:3 | Reached XP level 21. HP: 183/183 MP: 35/35
 37635 | Vaults:3 | Found a staircase to the Crypt.
 38969 | Depths:1 | Entered Level 1 of the Depths
 39452 | Elf:1    | Entered Level 1 of the Elven Halls
 39484 | Elf:1    | Reached skill level 15 in Fighting
 39637 | Elf:1    | Reached skill level 10 in Armour
 39796 | Elf:1    | Noticed Kirke
 39806 | Elf:1    | Killed Kirke
 40325 | Elf:1    | Identified the ring "Reixas" {*Slow rElec rN+ Stlth-}
 40342 | Elf:1    | Found a runed translucent gate.
 40342 | Elf:1    | Found a runed translucent gate.
 40342 | Elf:1    | Found a runed translucent gate.
 40342 | Elf:1    | Found a runed translucent gate.
 40342 | Elf:1    | Found a runed translucent gate.
 40348 | Elf:1    | Found a runed translucent gate.
 41304 | Elf:2    | Found Nammufy's Distillery.
 41314 | Elf:2    | Bought a potion of heal wounds for 65 gold pieces
 41396 | Elf:2    | Found a runed translucent gate.
 41396 | Elf:2    | Found a runed translucent gate.
 41396 | Elf:2    | Found a runed translucent gate.
 41472 | Elf:2    | Found a bloodstained altar of Trog.
 41591 | Elf:2    | Noticed Asterion
 41613 | Elf:2    | Noticed Aizul
 41627 | Elf:2    | Killed Asterion
 41634 | Elf:2    | Killed Aizul
 41788 | Elf:2    | Gained mutation: You are very robust. (+20% HP) [demonic
                  | ancestry]
 41788 | Elf:2    | Reached XP level 22. HP: 210/210 MP: 33/37
 41966 | Elf:3    | Entered Level 3 of the Elven Halls
 42002 | Elf:3    | Found Suvirph's Antique Armour Emporium.
 42013 | Elf:3    | Found a shimmering altar of Xom.
 42020 | Elf:3    | Bought an embroidered cloak for 322 gold pieces
 42345 | Elf:3    | Reached skill level 19 in Unarmed Combat
 42389 | Elf:3    | Cast into level 3 of the Abyss (a deep elf sorcerer)
 42389 | Abyss:3  | Found a corrupted altar of Lugonu.
 42650 | Abyss:3  | HP: 7/274 [tentacled starspawn (10)]
 42656 | Abyss:3  | Gained mutation: Your magical capacity is low. (-10% MP) [a
                  | neqoxec]
 42685 | Elf:3    | Escaped the Abyss
 42693 | Elf:3    | Identified the +4 scale mail of Focus {+Fly Str+2 Int+2}
 42850 | Elf:3    | Identified the +7 battleaxe "Xuyts" {freeze, rC+ MR++
                  | Dex+2}
 42850 | Elf:3    | Identified the ring "Taumesas" {+Fly Dex+2}
 42885 | Elf:3    | Identified the Volume of Earthen Poisoning
 42908 | Elf:3    | Got an emerald-encrusted plate armour
 42909 | Elf:3    | Identified the +7 plate armour of the Moneychanger {*Slow
                  | Str+7} (You found it on level 3 of the Elven Halls)
 42917 | Elf:3    | Identified the +1 ring mail "Okidixihi" {rPois MR+ SInv}
                  | (You found it on level 3 of the Elven Halls)
 43002 | Elf:3    | Got a slimy pewter ring
 43102 | Elf:3    | Identified the cursed ring "Vozahin" {*Slow MR+ Str+3 Int+2
                  | Dex-4} (You found it on level 3 of the Elven Halls)
 43104 | Elf:3    | Identified the +3 plate armour of Focus {rC+ Dex+4} (You
                  | found it on level 3 of the Elven Halls)
 43127 | Elf:3    | Acquired the +1 pair of gloves of Pepric {rElec Regen+
                  | Slay+3}
 43722 | Depths:1 | Found a gateway to a ziggurat.
 43811 | Depths:1 | Found Aphissu's Weapon Boutique.
 43981 | Depths:1 | Found a gateway to Hell.
 44236 | Depths:1 | Identified Ciar's Collected Works on Doomed Toxins
 44520 | Depths:2 | Reached XP level 23. HP: 219/219 MP: 35/35
 44809 | Depths:2 | Noticed a juggernaut
 44821 | Depths:2 | Killed a juggernaut
 44824 | Depths:2 | Identified the +6 hand axe "Nesseuru" {pain, Dex+3}
 44825 | Depths:2 | Killed a ghostly juggernaut
 45268 | Depths:3 | Found a one-way gate leading to the halls of Pandemonium.
 45861 | Depths:3 | Reached skill level 10 in Transmutations
 46226 | Depths:3 | Reached skill level 20 in Unarmed Combat
 46286 | Depths:3 | Identified the Volume of Poison and the Snowflakes
 46316 | Depths:3 | Found a one-way gate to the infinite horrors of the Abyss.
 46712 | Depths:4 | Noticed a juggernaut
 46720 | Depths:4 | Killed a juggernaut
 46720 | Depths:4 | Gained mutation: You are extremely robust. (+30% HP)
                  | [demonic ancestry]
 46720 | Depths:4 | Reached XP level 24. HP: 248/248 MP: 24/35
 47308 | Depths:5 | Entered Level 5 of the Depths
 47543 | Depths:5 | Noticed Louise
 47556 | Depths:5 | Killed Louise
 47694 | Depths:5 | Found a gate to the Realm of Zot.
 48317 | Shoals:2 | Killed Ferkelamun's ghost
 48385 | Shoals:4 | Killed Roxanne
 48761 | Crypt:1  | Entered Level 1 of the Crypt
 50677 | Crypt:3  | Entered Level 3 of the Crypt
 50768 | Crypt:3  | Got a shimmering granite ring
 50769 | Crypt:3  | Identified the ring "Usogonk" {+Blink Stlth+} (You found it
                  | on level 3 of the Crypt)
 50813 | Crypt:3  | Noticed Mara
 50818 | Crypt:3  | Noticed Alarkh's illusion
 50825 | Crypt:3  | Killed Mara
 50825 | Crypt:3  | Gained mutation: You are mostly covered in sharp spines.
                  | [demonic ancestry]
 50825 | Crypt:3  | Reached XP level 25. HP: 260/260 MP: 34/36
 50851 | Crypt:3  | Found an ancient bone altar of Kikubaaqudgha.
 51029 | Crypt:3  | Found a staircase to the Tomb.
 51363 | Crypt:3  | Identified the Handbook of Unholy Magic
 51404 | Crypt:3  | Got a distressingly furry helmet
 51405 | Crypt:3  | Identified the +2 helmet of the Battered Seers {*Drain
                  | Dex+3} (You found it on level 3 of the Crypt)
 51553 | Crypt:3  | Got a sparkling turquoise ring
 51554 | Crypt:3  | Identified the ring "Bataplez" {rF+ rN+ Stlth+} (You found
                  | it on level 3 of the Crypt)
 51555 | Crypt:3  | Identified the ring of Remn {*Slow +Fly rPois rN+ Dex+4}
                  | (You found it on level 3 of the Crypt)
 51811 | Crypt:3  | Learned a level 8 spell: Infestation
 51890 | Crypt:3  | Noticed an ancient lich
 51890 | Crypt:3  | Noticed an ancient lich
 51900 | Crypt:3  | Killed an ancient lich
 51900 | Crypt:3  | Reached skill level 1 in Necromancy
 51901 | Crypt:3  | Killed an ancient lich
 52248 | Crypt:3  | Identified the Almanac of Flying Moulding
 52703 | Hell     | Entered the Vestibule of Hell
 52703 | Hell     | Noticed Geryon
 52729 | Hell     | Reached skill level 21 in Unarmed Combat
 52729 | Hell     | Killed Geryon
 52812 | Hell     | Found a gateway to the Iron City of Dis.
 52858 | Hell     | Found a gateway to the ashen valley of Gehenna.
 52894 | Hell     | Gained mutation: Your magical capacity is very low. (-20%
                  | MP) [a cacodemon]
 52936 | Hell     | Found a gateway to the decaying netherworld of Tartarus.
 53035 | Hell     | Found a gateway to the freezing wastes of Cocytus.
 53639 | Tomb:1   | Entered Level 1 of the Tomb of the Ancients
 54042 | Tomb:1   | Reached XP level 26. HP: 270/270 MP: 29/32
 54064 | Tomb:1   | Noticed a greater mummy
 54075 | Tomb:1   | Killed a greater mummy
 54522 | Tomb:2   | Noticed a greater mummy
 54522 | Tomb:2   | Noticed a greater mummy
 54522 | Tomb:2   | Noticed a greater mummy
 54523 | Tomb:2   | Noticed a greater mummy
 54524 | Tomb:2   | Noticed a greater mummy
 54531 | Tomb:2   | HP: 2/351 [phantasmal warrior[a mummy priest] (23)]
 54532 | Tomb:2   | Mangled by a death scarab

Illustrated notes

Levels and vault maps discovered:
D:1:      dpeg_arrival_stone_temple_mockup, layout_basic,
          chequers_serial_rivers_micro_b
D:2:      layout_basic, dk_yredelemnul_ordeal, uniq_crazy_yiuf_cottage
D:3:      layout_loops_cross
D:4:      layout_basic, trog_eyes_of_draining, serial_shops, shop
D:5:      layout_basic, gup_sewer_entry_glass, serial_shops,
          nicolae_shop_crystal, minmay_hollow_rounded_squares
D:6:      layout_loops_ring, vehumet_altar_wand_db, kennysheep_mini_moat,
          kennysheep_slug_shrine
D:7:      minmay_cornered_nines, layout_basic, lemuel_round_altar,
          minmay_temple_entry_sparse_star
D:8:      layout_layer_cave, grunt_temple_overflow_open, bloody_makhleb,
          uniq_psyche
D:9:      layout_loops_corners, nicolae_ru_great_annihilating_truth,
          orc_david_3, basic_altar
D:10:     layout_roguey
D:11:     layout_cave_pools, due_lair_maze_entry_diamond
D:12:     layout_long_grid
D:13:     layout_stronghold, skrybe_vaults_entry_preservation
D:14:     layout_long_grid, serial_bayou_shore_b, nicolae_alphabet_shops,
          kennysheep_big_empty_room, fedhas_altar_2, uniq_jorgrun, uniq_nessos,
          uniq_frances
D:15:     grunt_enter_depths_hoard, layout_loops_ring,
          grunt_dithmenos_smoke_and_mirrors, chequers_decorated_corner,
          minmay_large_rounded_square
Lair:1:   lemuel_ratsnest, layout_regular_city, st_stairs_6,
          infiniplex_staircase_pool_2, lemuel_fruit_tree, lemuel_fruit_fields
Lair:2:   layout_gridlike, minmay_shoals_entry_centaurs, lemuel_fruit_fields
Lair:3:   layout_cave_pods, lemuel_fruit_fields, grunt_megastairs_2
Lair:4:   layout_gridlike, dummy_snake_entry
Lair:5:   layout_roguey, dpeg_slime_entry_enclosed_altar,
          nicolae_volcano_entry_lava_flow, grunt_megastairs_4
Lair:6:   wormcave, layout_long_grid, wad_woods_river_02, grunt_megastairs_5
Shoals:1: layout_shoals, lemuel_altar_in_water
Shoals:2: layout_shoals, ebering_ghost_reflecting_pool
Shoals:3: layout_shoals, uniq_ilsuiw
Shoals:4: shoals_end_grunt_ice, layout_shoals, shoals_ilsuiw_alternative,
          uniq_roxanne
Snake:1:  layout_layer_cave
Snake:2:  layout_chambers, serial_bayou_shore_b
Snake:3:  layout_cave_town, nrook_loot_triangle
Snake:4:  grunt_snake_rune_pools, layout_rooms, uniq_nikola
Orc:1:    layout_caves, serial_shops, nicolae_shop_stone, basic_altar
Orc:2:    st_orc_open, layout_diamond_mine, serial_shops, shop
Elf:1:    elf_arrival_001, layout_onion_city, orc_legates, uniq_kirke
Elf:2:    layout_geoelf_diagonals, serial_shops, shop,
          evilmike_spriggan_trog_shrine, uniq_agnes, uniq_asterion, uniq_aizul
Elf:3:    minmay_elf_hall_hex, layout_rooms, basic_altar, serial_shops, shop
Vaults:1: gammafunk_vaults_ghost_split, v_alt_pattern_5, hangedman_vaults_hat,
          ontoclasm_vaults_decontamination, ontoclasm_vaults_claustrophobia,
          v_misc_11, nicolae_vaults_yaktaur_gun_rack,
          hangedman_vaults_stretched_pinwheel, hangedman_vaults_capsules,
          vaults_mumra_hex, layout_vaults_quadrants, uniq_saint_roka
Vaults:2: vaults_mumra_lcd, vaults_mumra_minichess, sword_in_stone,
          vaults_dpeg_ring, vaults_room_door_ring, v_alt_pattern_3,
          nicolae_vaults_inception_corners, v_misc_11, vaults_room_large_hall,
          ontoclasm_vaults_fault, v_misc_25,
          hangedman_vaults_stretched_pinwheel, ontoclasm_vaults_ligature,
          layout_vaults_maze, basic_altar
Vaults:3: minmay_crypt_entry_simple_round, grunt_vaults_bifocal,
          nicolae_vaults_back_hallway, hangedman_vaults_stagger,
          vaults_room_fours, v_pattern_4, v_rooms_6,
          ontoclasm_vaults_ring_square, vaults_room_semicircle,
          vaults_room_pools, nicolae_vaults_little_squares_6,
          nicolae_vaults_specimen_jars, layout_vaults_omnicross
Vaults:4: nicolae_vaults_little_squares_5, vaults_room_door_ring, st_lattice,
          vaults_room_hallway, nicolae_vaults_little_squares_4,
          nicolae_vaults_network_star, vaults_mumra_chevron, vaults_dpeg_cross,
          v_misc_15, layout_vaults_big_room, serial_shops, nicolae_shop_crystal,
          uniq_margery
Crypt:1:  layout_misc_corridors, glass_columns_c
Crypt:2:  layout_catacombs, hex_tiny
Crypt:3:  evilmike_haunted_forest, uniq_mara
Tomb:1
Tomb:2
Depths:1: layout_cave_pools, enter_ziggurat_e, serial_shops, shop_statue,
          lightli_too_deep, serial_sigils_hangedman_writhe, minivault_15,
          feat_on_display
Depths:2: evilmike_lava_path, layout_basic, pf_dread_powers_of_hell
Depths:3: hangedman_crystal_crosses_colossus [crystal_crosses_arms_four,
          crystal_crosses_arms_four, crystal_crosses_arms_two,
          crystal_crosses_arms_one], hell_entry, pan_entry, abyss_entry
Depths:4: minmay_open_boxes_in_corner, layout_long_grid,
          hangedman_tar_grid_catacomb, minmay_misc_feat_room,
          marbit_kobold_abyss_entry, kennysheep_small_square,
          serial_bayou_shore_b, infiniplex_staircase_star
Depths:5: grunt_zot_entry_bicorn, layout_cave_pools, hangedman_glass_teeth,
          nicolae_abyss_entry_one_way_or_another, hell_entry
Hell

Skill      XL: |  1  2  3  4  5  6  7  8  9 10 11 12 13 14 15 16 17 18 19 20 21 22 23 24 25 26 |
---------------+-------------------------------------------------------------------------------+-----
Unarmed Combat | 3 4 5 6 7 9 10 11 12 13 14 15 16 17 18 19 20 21 | 21.3
Fighting       | 4 5 6 7 8 9 10 11 12 13 14 15 16 17 | 17.3
Spellcasting   | 1 3 4 5 6 7 8 9 10 11 12 13 | 13.9
Conjurations   | 1 3 4 6 7 8 |  8.0
Earth Magic    | 1 3 4 5 6 7 8 9 10 11 12 13 | 13.8
Invocations    | 1 4 6 8 9 10 12 13 14 15 16 17 18 19 | 19.6
Stealth        | 3 4 6 7 8 9 10 11 12 13 | 13.5
Shields        | 3 4 5 |  5.0
Dodging        | 3 5 6 7 8 9 10 11 12 13 | 13.2
Armour         | 4 5 7 8 9 10 11 12 13 | 13.0
Transmutations | 3 4 6 7 8 9 10 11 | 11.9
Necromancy     | 4 |  4.6

Action                   |  1- 3 |  4- 6 |  7- 9 | 10-12 | 13-15 | 16-18 | 19-21 | 22-24 | 25-27 || total
-------------------------+-------+-------+-------+-------+-------+-------+-------+-------+-------++-------
Melee: Unarmed           |   144 |   104 |   335 |   729 |   944 |  1309 |  1348 |  1215 |   506 ||  6634
       Punch             |     3 |     1 |    14 |    18 |       |       |       |       |       ||    36
       Kick              |       |    29 |    79 |   226 |   341 |   463 |   528 |   422 |   163 ||  2251
 Cast: Stone Arrow       |       |       |       |    18 |    41 |    17 |       |       |       ||    76
       Statue Form       |       |       |       |       |       |       |     3 |    45 |    25 ||    73
Invok: Stomp             |       |       |       |     1 |     5 |    16 |    25 |     9 |     3 ||    59
       Grand Finale      |       |       |       |       |     4 |     3 |     1 |       |       ||     8
       Line Pass         |       |       |       |       |       |       |       |       |     1 ||     1
Evoke: Wand              |       |       |       |       |     1 |     1 |     1 |       |     2 ||     5
  Use: Scroll            |     1 |     3 |     4 |    15 |    21 |     6 |     7 |    15 |     5 ||    77
       Potion            |       |     2 |     5 |     4 |    20 |    13 |     3 |     7 |     1 ||    55
 Stab: Sleeping          |     6 |     2 |    10 |    14 |    17 |       |    13 |    23 |    12 ||    97
       Invisible         |       |       |     4 |     2 |     9 |       |       |       |       ||    15
       Paralysed         |       |       |     3 |    68 |    93 |   133 |   155 |   149 |    50 ||   651
       Distracted        |       |       |       |       |     3 |       |     2 |     2 |     4 ||    11
       Confused          |       |       |       |       |       |       |       |       |     1 ||     1
Armor: Robe              |    24 |     8 |    64 |   153 |       |       |       |       |       ||   249
       Troll leather arm |       |       |       |    63 |   200 |       |    36 |   136 |    17 ||   452
       Chain mail        |       |       |       |       |   120 |   599 |   437 |       |       ||  1156
       Skin              |       |       |       |       |     2 |       |     4 |   326 |   260 ||   592
Dodge: Dodged            |    82 |    51 |   165 |   379 |   396 |   483 |   440 |   790 |   535 ||  3321
Block: Buckler           |       |       |       |    69 |   300 |   357 |   355 |   355 |   230 ||  1666

Table legend: (Time is in decaauts)
 A = Elapsed time spent in this place.
 B = Non-inter-level travel time spent in this place.
 C = Inter-level travel time spent in this place.
 D = Time resting spent in this place.
 E = Time spent auto-exploring this place.
 F = Levels seen in this place.
 G = Mean time per level.
                   A        B        C        D        E       F      G
               +--------+--------+--------+--------+--------+-----+--------+
         Total |  55065 |  48242 |   6823 |   3502 |  32074 |  52 | 1058.9 |
       Dungeon |  17314 |  14717 |   2597 |   2031 |   9974 |  15 | 1154.3 |
          Lair |   6919 |   5588 |   1331 |    324 |   3878 |   6 | 1153.2 |
        Shoals |   4248 |   3913 |    335 |    752 |   1961 |   4 | 1062.0 |
     Snake Pit |   4277 |   3975 |    302 |     50 |   3012 |   4 | 1069.2 |
  Orcish Mines |   1041 |    771 |    270 |      0 |    492 |   2 |  520.5 |
   Elven Halls |   3162 |   2862 |    300 |     51 |   1870 |   3 | 1054.0 |
        Vaults |   5479 |   4655 |    824 |     87 |   3162 |   4 | 1369.8 |
         Crypt |   4347 |   3923 |    424 |      0 |   3008 |   3 | 1449.0 |
          Tomb |   1038 |    941 |     97 |      0 |    637 |   2 |  519.0 |
        Depths |   4943 |   4621 |    322 |     55 |   3105 |   5 |  988.6 |
          Hell |    662 |    645 |     17 |      0 |    252 |   1 |  662.0 |
         Abyss |    336 |    336 |      0 |     30 |    160 |   1 |  336.0 |
         Sewer |    527 |    527 |      0 |      0 |    307 |   1 |  527.0 |
       Volcano |    766 |    766 |      0 |    120 |    251 |   1 |  766.0 |
               +--------+--------+--------+--------+--------+-----+--------+

Top non-repeatable levels by time:
    D:12: 2536 daAuts
 Crypt:3: 1914 daAuts
Vaults:1: 1779 daAuts
 Crypt:2: 1730 daAuts
Shoals:4: 1614 daAuts
    D:15: 1499 daAuts
 Snake:1: 1485 daAuts
Vaults:3: 1447 daAuts
  Lair:2: 1399 daAuts
  Lair:6: 1353 daAuts
    D:13: 1324 daAuts
     D:2: 1305 daAuts
Depths:3: 1267 daAuts
   Elf:1: 1255 daAuts
  Lair:1: 1215 daAuts
